 Dungeon Crawl Stone Soup version 0.17-a0-1718-g72dbe4d (webtiles) character file.

1626 kae the Carver (level 8, -4/64 HPs)
             Began as a Minotaur Fighter on Aug 25, 2015.
             Slain by an orc warrior
             ... wielding a +0 glaive
              (20 damage)
             ... on level 6 of the Dungeon.
             The game lasted 00:07:36 (5245 turns).

kae the Carver (Minotaur Fighter)                   Turns: 5245, Time: 00:07:37

Health: -4/64      AC:  7    Str: 22    XL:     8   Next: 65%
Magic:  7/7        EV:  8    Int:  7    God:
Gold:   371        SH:  9    Dex:  9    Spells: 0 memorised, 7 levels left

rFire  . . .     SeeInvis .     a - +1 long sword
rCold  . . .     Clarity  .     d - +0 ring mail
rNeg   . . .     SustAt   .     c - +0 shield
rPois  .         Gourm    .     (helmet restricted)
rElec  .         Spirit   .     (no cloak)
rCorr  .         Warding  .     (no gloves)
rMut   .         Stasis   .     n - +1 pair of boots
MR     .....                    (no amulet)
Stlth  ..........               (no ring)
                                r - ring of flight

@: not resistant to hostile enchantments, extremely unstealthy
A: retaliatory headbutt, horns 2
a: Evoke Flight


You were on level 6 of the Dungeon.
You were not hungry.

You visited 1 branch of the dungeon, and saw 6 of its levels.
You also visited: Sewer.

You collected 371 gold pieces.

Inventory:

Hand weapons
 a - a +1 long sword (weapon)
Armour
 b - a +0 scale mail
 c - a +0 shield (worn)
 d - a +0 ring mail (worn)
 n - a +1 pair of boots (worn)
Jewellery
 r - a ring of flight (left hand)
 A - an uncursed ring of protection from fire {unknown}
Magical devices
 u - a wand of random effects (16)
 x - a wand of draining (6)
 C - a wand of draining (8)
Scrolls
 f - 5 scrolls of teleportation
 h - 7 scrolls of identify
 j - a scroll of magic mapping
 l - a scroll of fear {unknown}
 o - a scroll of recharging
 q - 2 scrolls of blinking {unknown}
 w - a scroll of fog {unknown}
 y - a scroll of remove curse
 z - a scroll of amnesia
Potions
 i - a potion of heal wounds
 m - 3 potions of magic {unknown}
 s - a potion of brilliance {unknown}
 t - a potion of curing {unknown}
 B - a potion of resistance {unknown}
 D - a potion of haste {unknown}
Books
 v - a Fen Folio

   Spells                             Type                      Level
   a - Corpse Rot                     Necromancy                   2
   b - Stone Arrow                    Conjuration/Earth            3
   c - Leda's Liquefaction            Hexes/Earth                  4
   d - Summon Forest                  Summoning/Translocation      5
   e - Hydra Form                     Transmutation                6
   f - Summon Hydra                   Summoning                    7
Comestibles
 e - 5 bread rations
 g - 5 fruits
 k - a beef jerky
 p - 2 meat rations


   Skills:
 - Level 3.6 Fighting
 + Level 12.9 Long Blades
 - Level 3.6 Armour
 - Level 3.6 Shields


You had 7 spell levels left.
You didn't know any spells.

Dungeon Overview and Level Annotations

Branches:
Dungeon (6/15)
 Temple: D:4-7

Altars:
Ashenzari
Fedhas
Okawaru
Vehumet

Annotations:
D:5 exclusion: statue


Innate Abilities, Weirdness & Mutations

You reflexively headbutt those who attack you in melee.
You have a pair of horns on your head.


Message History

You block the orc warrior's attack.
You hit the orc warrior but do no damage.
You headbutt the orc warrior.
The orc warrior is heavily wounded.
The orc warrior barely misses you.
You hit the orc warrior but do no damage.
The orc warrior is heavily wounded.
You completely miss the orc warrior. Your headbutt misses the orc warrior.
The orc warrior is heavily wounded.
The orc warrior hits you with a glaive!
You hit the orc warrior but do no damage.
The orc warrior is heavily wounded.
The orc warrior hits you with a glaive.
* * * LOW HITPOINT WARNING * * *
You closely miss the orc warrior.
The orc warrior is heavily wounded.
You closely miss the orc warrior.
The orc warrior is heavily wounded.
The orc warrior hits you with a glaive!!
You die...

### ### ##...
##.#
#.....###.##
#..<.# ###.@# #
#.o#### .###
#.....###...#
#............
#..#.....###
.....###....#
..........)..#
..............#
..............#


You could see an orc warrior.

Vanquished Creatures
  Duvessa (D:5)
  An ice beast (D:5)
  A black bear (D:4)
  Purgy (Sewer)
  5 ogres
  A centaur (D:5)
  Dowan (D:5)
  2 scorpions (D:5)
  A giant frog zombie (D:5)
  A crimson imp (D:5)
  3 orc priests
  A centaur skeleton (D:5)
  A hound (D:4)
  An orc wizard (D:4)
  A giant frog skeleton (D:4)
  Terence (D:2)
  Natasha (twice) (D:4)
  3 worker ants
  3 gnolls (D:5)
  6 adders
  2 oozes
  3 worms
  14 orcs
  2 ball pythons
  10 giant cockroaches
  8 hobgoblins
  6 jackals
  8 kobolds
  2 quokkas
  A bat (D:1)
  9 giant geckos
  7 giant newts
  5 goblins
  11 rats
125 creatures vanquished.

Notes
Turn   | Place    | Note
--------------------------------------------------------------
     0 | D:1      | kae the Minotaur Fighter began the quest for the Orb.
     0 | D:1      | Reached XP level 1. HP: 19/19 MP: 0/0
   325 | D:1      | Reached XP level 2. HP: 20/26 MP: 1/1
   918 | D:1      | Reached skill level 4 in Long Blades
  1334 | D:2      | Noticed Terence
  1342 | D:2      | Killed Terence
  1342 | D:2      | Reached XP level 3. HP: 31/31 MP: 2/2
  1384 | D:2      | Reached skill level 5 in Long Blades
  1483 | D:2      | Reached XP level 4. HP: 39/39 MP: 3/3
  1548 | D:2      | Found a faded altar to an unknown god.
  1852 | D:3      | Found a blossoming altar of Fedhas.
  1910 | D:3      | Found a shattered altar of Ashenzari.
  2132 | D:3      | Found a shattered altar of Ashenzari.
  2448 | D:4      | Noticed a black bear
  2451 | D:4      | Noticed an ogre
  2483 | D:4      | Killed a black bear
  2483 | D:4      | Reached skill level 7 in Long Blades
  2483 | D:4      | Reached XP level 5. HP: 8/45 MP: 4/4
  2637 | D:4      | Found a glowing drain.
  2677 | Sewer    | Entered a sewer
  2851 | Sewer    | Noticed Purgy
  2871 | Sewer    | Killed Purgy
  2871 | Sewer    | Reached skill level 8 in Long Blades
  2871 | Sewer    | Reached XP level 6. HP: 41/51 MP: 5/5
  3145 | D:4      | Noticed an ogre
  3151 | D:4      | Killed an ogre
  3151 | D:4      | Reached skill level 9 in Long Blades
  3286 | D:4      | Noticed Natasha
  3292 | D:4      | Killed Natasha
  3292 | D:4      | Reached XP level 7. HP: 33/57 MP: 6/6
  3460 | D:4      | Noticed Natasha
  3466 | D:4      | Killed Natasha
  3545 | D:4      | Noticed an ogre
  3553 | D:4      | Killed an ogre
  3597 | D:4      | Killed an ogre
  3597 | D:4      | Reached skill level 10 in Long Blades
  3730 | D:4      | Found an iron altar of Okawaru.
  3820 | D:5      | Entered Level 5 of the Dungeon
  4016 | D:5      | Reached skill level 11 in Long Blades
  4186 | D:5      | Reached XP level 8. HP: 28/64 MP: 7/7
  4584 | D:5      | Noticed Duvessa
  4585 | D:5      | Noticed Dowan
  4601 | D:5      | Killed Duvessa
  4601 | D:5      | Reached skill level 12 in Long Blades
  4651 | D:5      | Found a radiant altar of Vehumet.
  4667 | D:5      | Killed Dowan
  5245 | D:6      | Slain by an orc warrior

Vault maps used:
D:1:      onia_arrival_mini_maze, serial_co_window_serial, co_window_paths_b,
          co_window_of_opportunity_a, co_window_corner_a, co_window_cross_1,
          co_window_corner_a, co_window_corner_a, co_window_corner_cb,
          co_window_corner_b, co_window_paths_c, co_window_unsneaky_path_e,
          co_window_paths_d, glass_columns_a, glass_columns_a,
          serial_park_tiny_1
D:2:      ecumenical_altar_1, first_bread, corexii_shack, minmay_misc_feat_five,
          uniq_terence
D:3:      lemuel_doored_altar, overflow_temple_1_default,
          nicolae_ashenzari_panopticon
D:4:      lemuel_coloured_pillars_altar, gup_sewer_entry_pipe,
          serial_park_tiny_pond, minmay_misc_feat_alley, grunt_ministairs_2,
          uniq_natasha
D:5:      vehumet_statue, patterned_corridor, uniq_duvessa
D:6:      lemuel_round_altar, old_standard_altar
Sewer:    sewer_co_purgy_island

Action                   |  1- 3 |  4- 6 |  7- 9 || total
-------------------------+-------+-------+-------++-------
Melee: Long sword        |    86 |   149 |   183 ||   418
  Use: Potion            |     1 |     5 |     1 ||     7
       Scroll            |       |     8 |       ||     8
  Eat: Chunk             |     2 |     6 |     7 ||    15
